cohdb
Replays
Latest Replays
All Replays
Popular Replays
Top Player Replays
Match Explorer
How It Works
Community
CoH3 Stats
Reddit
Sign in to upload your games and track your stats! →
Sign in with Steam
Match 43974793
Unlisted
Match 43974793
Overview
Messages
Build Orders
End
Pioneer Squad
Construct Infanterie Kompanie
Grenadier Squad
GrW 34 Mortar Team
Grenadier Squad
MG 42 Machine Gun Team
Infanterie Officer Quarters
Construct Panzergrenadier Kompanie
Selects Breakthrough Battlegroup
Selects Assault Grenadiers
251 Medium Carrier
Panzergrenadier Squad
Pak 40 Anti-tank Gun Team
Selects Breakthrough
Selects Incendiary Bombing Run
Support Elements
Martino
고아원 사장
Ulpia Victrix
Ace D. Brokenwing
Rhendycash
TidaL
0
0
Comments
sign in to comment!
No comments posted yet!